Blues vs Maple Leafs

Created - May 1, 2020 at 19:44

Goals
1 2 3 T
Blues 2 0 2 4
Maple Leafs 2 1 2 5
Shots
1 2 3 T
Blues 8 6 18 32
Maple Leafs 9 11 9 29

1st period

1. Maple Leafs , Beau Bennett 9 (Kevin Shattenkirk 53) at 13:13
2. Blues , Nicklas Backstrom 30 (Jordan Eberle 47) at 14:37
3. Blues , David Perron 38 (Nicklas Backstrom 55) at 14:51
4. Maple Leafs , Patrick Kane 57 (Taylor Hall 42) at 18:46 (SH)

Penalties :
Braydon Coburn (Tor) for Holding (Minor) at 14:56, Blake Comeau (Tor) for Elbowing (Minor) at 18:34

2nd period

5. Maple Leafs , Jordan Staal 27 (Kevin Shattenkirk 54, Brayden Schenn 29) at 14:13 (PP)

Penalties :
Beau Bennett (Tor) for Hooking (Minor) at 1:05, Justin Falk (STL) for Hooking (Minor) at 3:40, Braydon Coburn (Tor) for Holding (Minor) at 11:35, Nick Palmieri (STL) for Hooking (Minor) at 12:35, David Perron (STL) for Hooking (Minor) at 15:19

3rd period

6. Maple Leafs , Kyle Clifford 21 (Kevin Shattenkirk 55) at 1:36
7. Blues , Nicklas Backstrom 31 (Jordan Eberle 48) at 7:09
8. Maple Leafs , Brayden Schenn 26 (Kyle Clifford 31) at 11:21
9. Blues , Sergei Shirokov 24 (Vincent Lecavalier 18) at 17:34

Penalties :
Cody Ceci (STL) for Hooking (Minor) at 2:00, Nick Palmieri (STL) for Holding (Minor) at 14:24, Eric Nystrom (Tor) for Holding (Minor) at 17:43

Goalie Stats

Carey Price (STL), 24 saves from 29 shots - (0.828), L, 32-27-6, 60:00 minutes
Marc-André Fleury (Tor), 28 saves from 32 shots - (0.875), W, 32-25-8, 60:00 minutes

Players Stats for Blues

Player Name              G  A  P  +/- PIM S  H  SB GA TA FO     MP     PP MP  PK MP  
------------------------------------------------------------------------------------
Alex Pietrangelo         0  0  0   0  0   0  3  0  1  0  0/0    27:11   6:14   5:30 
Cody Ceci                0  0  0   2  2   2  0  0  0  0  0/0    20:47   0:00   3:13 
David Perron             1  0  1  -1  2   4  1  2  0  0  1/4    19:40   5:04   0:00 
Drew Shore               0  0  0   0  0   0  1  0  0  0  4/6    10:45   0:00   4:12 
Fabian Brunnstrom        0  0  0   1  0   2  2  0  0  0  0/0    11:13   0:00   1:41 
Filip Forsberg           0  0  0   0  0   1  1  0  1  0  1/3    16:51   3:52   1:27 
Gustav Nyquist           0  0  0   0  0   0  0  0  0  0  0/0     6:27   0:11   0:00 
Jake Gardiner            0  0  0   0  0   4  2  0  0  1  0/0    23:52   6:14   3:05 
Jordan Eberle            0  2  2  -1  0   4  3  0  1  0  1/2    24:07   4:53   4:55 
Justin Falk              0  0  0  -1  2   0  0  1  0  0  0/0    15:33   0:00   3:37 
Kurt Sauer               0  0  0   0  0   0  0  2  0  0  0/0    14:38   2:42   0:00 
Nick Palmieri            0  0  0   0  4   0  1  0  0  0  1/1    15:47   3:51   0:00 
Nicklas Backstrom        2  1  3  -1  0   6  1  1  1  1  17/31  19:38   5:04   0:00 
Ryan O'Reilly            0  0  0   0  0   3  1  0  0  1  5/9    15:48   3:52   0:24 
Sergei Shirokov          1  0  1   1  0   2  0  1  0  1  1/1     9:23   0:00   0:00 
Shayne Gostisbehere      0  0  0  -1  0   3  0  2  0  1  0/0    18:03   2:42   1:45 
Simon Gagné              0  0  0   0  0   0  0  0  0  0  0/0     8:13   0:00   1:56 
Vincent Lecavalier       0  1  1   1  0   1  1  0  0  0  3/4    12:25   0:00   2:35 

Players Stats for Maple Leafs

Player Name              G  A  P  +/- PIM S  H  SB GA TA FO     MP     PP MP  PK MP  
------------------------------------------------------------------------------------
Beau Bennett             1  0  1   1  2   1  0  0  0  0  0/0     8:02   0:00   0:00 
Ben Smith                0  0  0   1  0   4  2  0  0  0  0/0    13:58   3:29   0:00 
Blake Comeau             0  0  0  -1  2   2  0  0  0  0  0/0    10:45   0:00   0:47 
Brayden Schenn           1  1  2   1  0   3  2  2  0  0  3/6    17:48   4:08   2:20 
Braydon Coburn           0  0  0   1  4   2  2  2  0  0  0/0    25:29   5:26   4:14 
Calvin de Haan           0  0  0  -1  0   0  0  0  0  0  0/0    11:53   0:00   0:22 
Eric Nystrom             0  0  0  -1  2   0  1  0  0  0  0/0    10:06   0:00   0:00 
Hampus Lindholm          0  0  0   0  0   0  1  1  0  0  0/0    19:20   3:48   1:45 
Jake Guentzel            0  0  0   1  0   0  1  0  0  0  0/0     7:53   0:00   0:00 
John Klingberg           0  0  0   0  0   0  0  1  0  0  0/0    20:40   3:09   2:57 
Jordan Staal             1  0  1  -2  0   2  0  0  1  0  12/27  20:23   5:06   2:04 
Kevin Shattenkirk        0  3  3   1  0   4  4  4  0  1  0/0    28:03   5:26   5:59 
Kyle Clifford            1  1  2   1  0   3  3  0  0  0  0/0    14:59   3:29   0:47 
Mika Zibanejad           0  0  0  -1  0   0  1  1  1  0  1/7     9:50   0:00   0:00 
Nate Thompson            0  0  0   1  0   1  0  0  0  0  1/2     7:53   0:00   0:00 
Patrick Kane             1  0  1  -1  0   4  1  2  0  0  10/19  23:49   4:27   5:56 
Ryan Parent              0  0  0  -1  0   2  0  0  0  1  0/0    15:26   0:00   2:35 
Taylor Hall              0  1  1  -1  0   1  1  1  3  2  0/0    23:43   4:27   5:58 

3 Stars

1 - Kevin Shattenkirk (Tor)
2 - Nicklas Backstrom (STL)
3 - Kyle Clifford (Tor)

Power Play

Blues - 0 on 5 Attempt(s) - 0.00%
Maple Leafs - 1 on 5 Attempt(s) - 20.00%

Penalty Kill

Blues - 4 on 5 Attempt(s) - 80.00% - Score 0 goal in Penalty Kill
Maple Leafs - 5 on 5 Attempt(s) - 100.00% - Score 1 goal in Penalty Kill

Team Stat

Blues - Hits : 17 - Faceoff Wins : 34 - Blocked Shots : 9 - Penalty Minutes : 10
Maple Leafs - Hits : 19 - Faceoff Wins : 27 - Blocked Shots : 14 - Penalty Minutes : 10

Official

Referees : Unknown
Linesman : Unknown

Game Notes

No Game Note

Finance

Level 1 -- Attendance: 5507 (91.78%) -- Ticket Income $605,770
Level 2 -- Attendance: 4201 (84.02%) -- Ticket Income $294,070
Level 3 -- Attendance: 1540 (77.00%) -- Ticket Income $70,840
Level 4 -- Attendance: 3544 (88.60%) -- Ticket Income $106,320
Luxury Box -- Attendance: 1000 (100.00%) -- Ticket Income $180,000
Game was played at the Maple Leafs Garden.
Total Attendance: 15792 (87.73%)
Total Ticket Income: $1,257,000
Other Income: $188,550
Total Income: $1,445,550

Blues

5 vs 5 Forward 
   Center                   Left Wing                Right Wing               Time % Phy DF OF 
 1 Nicklas Backstrom        David Perron             Jordan Eberle            40     1   2  2  
 2 Ryan O'Reilly            Filip Forsberg           Nick Palmieri            30     1   2  2  
 3 Vincent Lecavalier       Fabian Brunnstrom        Sergei Shirokov          20     1   2  2  
 4 Drew Shore               Simon Gagné              Gustav Nyquist           10     1   2  2  

5 vs 5 Defense 
   Defense                  Defense                                           Time % Phy DF OF 
 1 Alex Pietrangelo         Cody Ceci                                         40     1   2  2  
 2 Kurt Sauer               Jake Gardiner                                     30     1   2  2  
 3 Justin Falk              Shayne Gostisbehere                               20     1   2  2  
 4 Cody Ceci                Jake Gardiner                                     10     1   2  2  

PowerPlay Forward 
   Center                   Left Wing                Right Wing               Time % Phy DF OF 
 1 Nicklas Backstrom        David Perron             Jordan Eberle            60     1   2  2  
 2 Ryan O'Reilly            Filip Forsberg           Nick Palmieri            40     1   2  2  

PowerPlay Defense
   Defense                  Defense                                           Time % Phy DF OF 
 1 Alex Pietrangelo         Jake Gardiner                                     60     1   2  2  
 2 Shayne Gostisbehere      Kurt Sauer                                        40     1   2  2  

Penalty Kill 4 Players Forward 
   Center                   Wing                     Time % Phy DF OF 
 1 Drew Shore               Jordan Eberle            60     1   2  2  
 2 Vincent Lecavalier       Simon Gagné              40     1   2  2  

Penalty Kill 4 Players Defense
   Defense                  Defense                  Time % Phy DF OF 
 1 Alex Pietrangelo         Justin Falk              60     1   2  2  
 2 Jake Gardiner            Cody Ceci                40     1   2  2  

Penalty Kill - 3 Players Forward 
   Forward                                           Time % Phy DF OF 
 1 Drew Shore                                        60     1   2  2  
 2 Jordan Eberle                                     40     1   2  2  

Penalty Kill - 3 Players Defense
   Defense                  Defense                  Time % Phy DF OF 
 1 Alex Pietrangelo         Cody Ceci                60     1   2  2  
 2 Jake Gardiner            Justin Falk              40     1   2  2  

4 vs 4 Forward 
   Center                   Wing                     Time % Phy DF OF 
 1 Nicklas Backstrom        David Perron             60     1   2  2  
 2 Vincent Lecavalier       Jordan Eberle            40     1   2  2  

4 vs 4 Defense
   Defense                  Defense                  Time % Phy DF OF 
 1 Alex Pietrangelo         Cody Ceci                60     1   2  2  
 2 Jake Gardiner            Shayne Gostisbehere      40     1   2  2  

Last Minutes Offensive
   Center                   Left Wing                Right Wing               Defense                  Defense                  
   Nicklas Backstrom        David Perron             Jordan Eberle            Alex Pietrangelo         Jake Gardiner            

Last Minutes Defensive
   Center                   Left Wing                Right Wing               Defense                  Defense                  
   Drew Shore               Fabian Brunnstrom        Jordan Eberle            Justin Falk              Cody Ceci                

Goaltenders
Starting : Carey Price              
Backup : Pascal Leclaire          

Extra Forwards
Normal : Fabian Brunnstrom, Vincent Lecavalier, Jordan Eberle - PP : Gustav Nyquist, Nicklas Backstrom - PK : Filip Forsberg
Extra Defensemen
Normal : Shayne Gostisbehere, Cody Ceci, Jake Gardiner - PP : Shayne Gostisbehere - PK : Shayne Gostisbehere, Jake Gardiner
Penalty Shots
David Perron, Vincent Lecavalier, Jordan Eberle, Nicklas Backstrom, Fabian Brunnstrom

Scratches
D.J King (Healthy), Yann Sauvé (Healthy)

Maple Leafs

5 vs 5 Forward 
   Center                   Left Wing                Right Wing               Time % Phy DF OF 
 1 Jordan Staal             Taylor Hall              Patrick Kane             40     1   2  2  
 2 Brayden Schenn           Kyle Clifford            Ben Smith                30     1   2  2  
 3 Mika Zibanejad           Eric Nystrom             Blake Comeau             20     1   2  2  
 4 Nate Thompson            Jake Guentzel            Beau Bennett             10     1   2  2  

5 vs 5 Defense 
   Defense                  Defense                                           Time % Phy DF OF 
 1 Kevin Shattenkirk        Braydon Coburn                                    40     1   2  2  
 2 John Klingberg           Hampus Lindholm                                   30     1   2  2  
 3 Ryan Parent              Calvin de Haan                                    20     1   2  2  
 4 Kevin Shattenkirk        Braydon Coburn                                    10     1   2  2  

PowerPlay Forward 
   Center                   Left Wing                Right Wing               Time % Phy DF OF 
 1 Jordan Staal             Taylor Hall              Patrick Kane             60     1   2  2  
 2 Brayden Schenn           Kyle Clifford            Ben Smith                40     1   2  2  

PowerPlay Defense
   Defense                  Defense                                           Time % Phy DF OF 
 1 Kevin Shattenkirk        Braydon Coburn                                    60     1   2  2  
 2 John Klingberg           Hampus Lindholm                                   40     1   2  2  

Penalty Kill 4 Players Forward 
   Center                   Wing                     Time % Phy DF OF 
 1 Patrick Kane             Taylor Hall              60     1   2  2  
 2 Jordan Staal             Brayden Schenn           40     1   2  2  

Penalty Kill 4 Players Defense
   Defense                  Defense                  Time % Phy DF OF 
 1 Kevin Shattenkirk        Braydon Coburn           60     1   2  2  
 2 John Klingberg           Ryan Parent              40     1   2  2  

Penalty Kill - 3 Players Forward 
   Forward                                           Time % Phy DF OF 
 1 Patrick Kane                                      60     1   2  2  
 2 Taylor Hall                                       40     1   2  2  

Penalty Kill - 3 Players Defense
   Defense                  Defense                  Time % Phy DF OF 
 1 Kevin Shattenkirk        Braydon Coburn           60     1   2  2  
 2 John Klingberg           Ryan Parent              40     1   2  2  

4 vs 4 Forward 
   Center                   Wing                     Time % Phy DF OF 
 1 Patrick Kane             Taylor Hall              60     1   2  2  
 2 Jordan Staal             Brayden Schenn           40     1   2  2  

4 vs 4 Defense
   Defense                  Defense                  Time % Phy DF OF 
 1 Kevin Shattenkirk        Braydon Coburn           60     1   2  2  
 2 John Klingberg           Ryan Parent              40     1   2  2  

Last Minutes Offensive
   Center                   Left Wing                Right Wing               Defense                  Defense                  
   Jordan Staal             Taylor Hall              Patrick Kane             Kevin Shattenkirk        Braydon Coburn           

Last Minutes Defensive
   Center                   Left Wing                Right Wing               Defense                  Defense                  
   Jordan Staal             Taylor Hall              Patrick Kane             Kevin Shattenkirk        Braydon Coburn           

Goaltenders
Starting : Marc-André Fleury        
Backup : Tyler Weiman             

Extra Forwards
Normal : Eric Nystrom, Mika Zibanejad, Blake Comeau - PP : Eric Nystrom, Mika Zibanejad - PK : Blake Comeau
Extra Defensemen
Normal : Ryan Parent, Hampus Lindholm, John Klingberg - PP : Ryan Parent - PK : Hampus Lindholm, John Klingberg
Penalty Shots
Patrick Kane, Taylor Hall, Jordan Staal, Brayden Schenn, Kyle Clifford

Scratches
Marc-Édouard Vlasic (Healthy)

% Time on Ice - Blues

Lines # - Real PCT - Wanted PCT - Time Play
Normal Forward
1 - 34% - 40% - 14:09
2 - 28% - 30% - 11:41
3 - 23% - 20% - 9:23
4 - 15% - 10% - 6:08
Normal Defense
1 - 37% - 40% - 15:16
2 - 31% - 30% - 12:43
3 - 28% - 20% - 11:45
4 - 4% - 10% - 1:37
PP Forward
1 - 57% - 60% - 5:04
2 - 43% - 40% - 3:52
PP Defense
1 - 70% - 60% - 6:14
2 - 30% - 40% - 2:42
PK Forward
1 - 70% - 60% - 6:00
2 - 30% - 40% - 2:35
PK Defense
1 - 64% - 60% - 5:30
2 - 36% - 40% - 3:05
PK3 Forward
1 - 0% - 60%
2 - 0% - 40%
PK3 Defense
1 - 0% - 60%
2 - 0% - 40%
44 Forward
1 - 85% - 60% - 0:50
2 - 15% - 40% - 0:09
44 Defense
1 - 100% - 60% - 0:59
2 - 0% - 40% - 0:00
Last Minute Offensive  - 0:09
Last Minute Defensive  - 0:00
Total
Forward - 60:00
Defense - 60:00

% Time on Ice - Maple Leafs

Lines # - Real PCT - Wanted PCT - Time Play
Normal Forward
1 - 31% - 40% - 12:42
2 - 26% - 30% - 10:57
3 - 24% - 20% - 9:50
4 - 19% - 10% - 7:53
Normal Defense
1 - 37% - 40% - 15:26
2 - 32% - 30% - 13:26
3 - 27% - 20% - 11:13
4 - 3% - 10% - 1:17
PP Forward
1 - 52% - 60% - 4:27
2 - 48% - 40% - 4:08
PP Defense
1 - 63% - 60% - 5:26
2 - 37% - 40% - 3:09
PK Forward
1 - 77% - 60% - 6:52
2 - 23% - 40% - 2:04
PK Defense
1 - 71% - 60% - 6:21
2 - 29% - 40% - 2:35
PK3 Forward
1 - 0% - 60%
2 - 0% - 40%
PK3 Defense
1 - 0% - 60%
2 - 0% - 40%
44 Forward
1 - 85% - 60% - 0:50
2 - 15% - 40% - 0:09
44 Defense
1 - 100% - 60% - 0:59
2 - 0% - 40% - 0:00
Last Minute Offensive  - 0:00
Last Minute Defensive  - 0:08
Total
Forward - 60:00
Defense - 60:00

Play-by-Play

1st period


0:01 of 1st period - Jordan Staal wins face-off versus Nicklas Backstrom in neutral zone.
0:26 of 1st period - Braydon Coburn is hit by Nick Palmieri.
1:32 of 1st period - Patrick Kane is hit by David Perron and loses puck.
1:42 of 1st period - Taylor Hall is hit by Jake Gardiner and loses puck.
2:47 of 1st period - Sergei Shirokov is hit by Jake Guentzel and loses puck.
2:59 of 1st period - Fabian Brunnstrom is hit by Kevin Shattenkirk and loses puck.
3:36 of 1st period - Snap shot by Fabian Brunnstrom.
3:36 of 1st period - Shot Misses the Net.
3:38 of 1st period - Slapshot by Shayne Gostisbehere.
3:38 of 1st period - Stopped by Marc-André Fleury with a rebound.
3:44 of 1st period - Slapshot by Fabian Brunnstrom.
3:44 of 1st period - Stopped by Marc-André Fleury with a rebound.
3:58 of 1st period - Wrist shot by Sergei Shirokov.
3:58 of 1st period - Stopped by Marc-André Fleury without a rebound.
3:59 of 1st period - Jordan Staal wins face-off versus Nicklas Backstrom in Maple Leafs zone.
4:26 of 1st period - Shayne Gostisbehere is hit by Kyle Clifford and loses puck.
4:37 of 1st period - Slapshot by Alex Pietrangelo.
4:37 of 1st period - Shot Misses the Net.
6:02 of 1st period - Slapshot by Brayden Schenn.
6:02 of 1st period - Stopped by Carey Price with a rebound.
6:14 of 1st period - Patrick Kane is hit by Ryan O'Reilly.
7:16 of 1st period - David Perron is hit by Kevin Shattenkirk and loses puck.
7:30 of 1st period - Beau Bennett is hit by Jordan Eberle and loses puck.
8:05 of 1st period - Shayne Gostisbehere is hit by Hampus Lindholm and loses puck.
8:14 of 1st period - Slapshot by Ben Smith.
8:14 of 1st period - Shot Misses the Net.
8:16 of 1st period - Snap shot by Kyle Clifford.
8:16 of 1st period - Shot Misses the Net.
9:05 of 1st period - Snap shot by Vincent Lecavalier.
9:05 of 1st period - Shot Misses the Net.
9:52 of 1st period - Wrist shot by Taylor Hall.
9:52 of 1st period - Shot Blocked by David Perron.
9:54 of 1st period - Snap shot by Taylor Hall.
9:54 of 1st period - Stopped by Carey Price with a rebound.
9:56 of 1st period - Slapshot by Braydon Coburn.
9:56 of 1st period - Stopped by Carey Price with a rebound.
11:34 of 1st period - Snap shot by Kyle Clifford.
11:34 of 1st period - Stopped by Carey Price with a rebound.
11:48 of 1st period - Slapshot by Mika Zibanejad.
11:48 of 1st period - Deflect By Blake Comeau.
11:48 of 1st period - Stopped by Carey Price without a rebound.
11:49 of 1st period - Nicklas Backstrom wins face-off versus Mika Zibanejad in Blues zone.
12:15 of 1st period - Jordan Staal is hit by Fabian Brunnstrom and loses puck.
12:59 of 1st period - Wrist shot by Ben Smith.
12:59 of 1st period - Stopped by Carey Price without a rebound.
13:00 of 1st period - Nicklas Backstrom wins face-off versus Nate Thompson in Blues zone.
13:13 of 1st period - Slapshot by Beau Bennett.
13:13 of 1st period - Goal by Beau Bennett - Blues : 0 - Maple Leafs : 1.
13:14 of 1st period - Jordan Staal wins face-off versus Nicklas Backstrom in neutral zone.
14:15 of 1st period - Snap shot by Blake Comeau.
14:15 of 1st period - Stopped by Carey Price with a rebound.
14:29 of 1st period - Slapshot by Jordan Eberle.
14:29 of 1st period - Deflect By Nicklas Backstrom.
14:29 of 1st period - Shot Misses the Net.
14:29 of 1st period - Puck is out of play.
14:30 of 1st period - Nicklas Backstrom wins face-off versus Jordan Staal in Maple Leafs zone.
14:35 of 1st period - Snap shot by Nicklas Backstrom.
14:35 of 1st period - Shot Misses the Net.
14:37 of 1st period - Snap shot by Nicklas Backstrom.
14:37 of 1st period - Goal by Nicklas Backstrom - Blues : 1 - Maple Leafs : 1.
14:38 of 1st period - Nicklas Backstrom wins face-off versus Jordan Staal in neutral zone.
14:41 of 1st period - Snap shot by Jordan Eberle.
14:41 of 1st period - Shot Misses the Net.
14:43 of 1st period - Snap shot by Jordan Eberle.
14:43 of 1st period - Stopped by Marc-André Fleury without a rebound.
14:44 of 1st period - Nicklas Backstrom wins face-off versus Jordan Staal in Maple Leafs zone.
14:49 of 1st period - Wrist shot by David Perron.
14:49 of 1st period - Stopped by Marc-André Fleury with a rebound.
14:51 of 1st period - Snap shot by David Perron.
14:51 of 1st period - Goal by David Perron - Blues : 2 - Maple Leafs : 1.
14:52 of 1st period - Nicklas Backstrom wins face-off versus Jordan Staal in neutral zone.
14:56 of 1st period - Minor Penalty to Braydon Coburn for Holding.
14:57 of 1st period - Patrick Kane wins face-off versus Nicklas Backstrom in Maple Leafs zone.
16:56 of 1st period - Penalty to Braydon Coburn is over, Braydon Coburn is back on ice.
17:07 of 1st period - Wrist shot by Sergei Shirokov.
17:07 of 1st period - Shot Misses the Net.
17:09 of 1st period - Slapshot by Cody Ceci.
17:09 of 1st period - Stopped by Marc-André Fleury without a rebound.
17:10 of 1st period - Mika Zibanejad wins face-off versus Vincent Lecavalier in Maple Leafs zone.
18:34 of 1st period - Minor Penalty to Blake Comeau for Elbowing.
18:35 of 1st period - Patrick Kane wins face-off versus Nicklas Backstrom in Maple Leafs zone.
18:46 of 1st period - Snap shot by Patrick Kane.
18:46 of 1st period - Goal by Patrick Kane - Blues : 2 - Maple Leafs : 2.
18:47 of 1st period - Patrick Kane wins face-off versus Nicklas Backstrom in neutral zone.
18:49 of 1st period - Off-side.
18:50 of 1st period - Patrick Kane wins face-off versus Nicklas Backstrom in neutral zone.
Goals for this period are 2 for Blues vs 2 for Maple Leafs.
Shots for this period are 8 for Blues vs 9 for Maple Leafs.

2nd period


0:01 of 2nd period - Patrick Kane wins face-off versus Jordan Eberle in neutral zone.
0:06 of 2nd period - Slapshot by Kevin Shattenkirk.
0:06 of 2nd period - Shot Blocked by Nicklas Backstrom.
0:16 of 2nd period - Wrist shot by Jordan Eberle.
0:16 of 2nd period - Shot Misses the Net.
0:34 of 2nd period - Penalty to Blake Comeau is over, Blake Comeau is back on ice.
0:50 of 2nd period - Slapshot by Kevin Shattenkirk.
0:50 of 2nd period - Stopped by Carey Price without a rebound.
0:51 of 2nd period - Nate Thompson wins face-off versus Nicklas Backstrom in Blues zone.
1:05 of 2nd period - Minor Penalty to Beau Bennett for Hooking.
1:06 of 2nd period - David Perron wins face-off versus Patrick Kane in Maple Leafs zone.
1:10 of 2nd period - Snap shot by Nicklas Backstrom.
1:10 of 2nd period - Deflect By Jordan Eberle.
1:10 of 2nd period - Shot Misses the Net.
1:10 of 2nd period - Puck is out of play.
1:11 of 2nd period - Nicklas Backstrom wins face-off versus Patrick Kane in Maple Leafs zone.
1:12 of 2nd period - Slapshot by Alex Pietrangelo.
1:12 of 2nd period - Deflect By Jordan Eberle.
1:12 of 2nd period - Shot Blocked by Braydon Coburn.
1:12 of 2nd period - Puck is out of play.
1:13 of 2nd period - Patrick Kane wins face-off versus Nicklas Backstrom in Maple Leafs zone.
1:30 of 2nd period - Slapshot by Alex Pietrangelo.
1:30 of 2nd period - Shot Blocked by Taylor Hall.
1:32 of 2nd period - Slapshot by Jake Gardiner.
1:32 of 2nd period - Stopped by Marc-André Fleury with a rebound.
1:34 of 2nd period - Slapshot by Jake Gardiner.
1:34 of 2nd period - Stopped by Marc-André Fleury without a rebound.
1:35 of 2nd period - Ryan O'Reilly wins face-off versus Patrick Kane in Maple Leafs zone.
1:44 of 2nd period - Snap shot by Filip Forsberg.
1:44 of 2nd period - Shot Blocked by Patrick Kane.
1:52 of 2nd period - Snap shot by Ryan O'Reilly.
1:52 of 2nd period - Shot Misses the Net.
2:32 of 2nd period - Icing by Filip Forsberg.
2:33 of 2nd period - Jordan Staal wins face-off versus Ryan O'Reilly in Blues zone.
2:34 of 2nd period - Backhand shot by Brayden Schenn.
2:34 of 2nd period - Stopped by Carey Price without a rebound.
2:35 of 2nd period - Nicklas Backstrom wins face-off versus Jordan Staal in Blues zone.
2:40 of 2nd period - Slapshot by Kevin Shattenkirk.
2:40 of 2nd period - Stopped by Carey Price without a rebound.
2:41 of 2nd period - Patrick Kane wins face-off versus Nicklas Backstrom in Blues zone.
3:05 of 2nd period - Penalty to Beau Bennett is over, Beau Bennett is back on ice.
3:14 of 2nd period - Slapshot by Jordan Staal.
3:14 of 2nd period - Stopped by Carey Price without a rebound.
3:15 of 2nd period - Ryan O'Reilly wins face-off versus Jordan Staal in Blues zone.
3:24 of 2nd period - Slapshot by Ryan O'Reilly.
3:24 of 2nd period - Shot Misses the Net.
3:40 of 2nd period - Minor Penalty to Justin Falk for Hooking.
3:41 of 2nd period - Drew Shore wins face-off versus Jordan Staal in Blues zone.
3:41 of 2nd period - Drew Shore is hit by Kevin Shattenkirk.
4:51 of 2nd period - Kyle Clifford is hit by Jake Gardiner and loses puck.
5:40 of 2nd period - Penalty to Justin Falk is over, Justin Falk is back on ice.
6:59 of 2nd period - John Klingberg is hit by Nicklas Backstrom and loses puck.
7:03 of 2nd period - Icing by John Klingberg.
7:04 of 2nd period - Jordan Staal wins face-off versus Ryan O'Reilly in Maple Leafs zone.
7:41 of 2nd period - Ben Smith is hit by Drew Shore and loses puck.
7:48 of 2nd period - Wrist shot by Kyle Clifford.
7:48 of 2nd period - Shot Misses the Net.
8:08 of 2nd period - Snap shot by Beau Bennett.
8:08 of 2nd period - Shot Misses the Net.
8:52 of 2nd period - Wrist shot by Ben Smith.
8:52 of 2nd period - Stopped by Carey Price without a rebound.
8:53 of 2nd period - Nicklas Backstrom wins face-off versus Jordan Staal in Blues zone.
8:53 of 2nd period - Nicklas Backstrom is hit by Braydon Coburn.
8:59 of 2nd period - Jordan Staal is hit by Jordan Eberle.
9:09 of 2nd period - Slapshot by David Perron.
9:09 of 2nd period - Deflect By Kevin Shattenkirk.
9:09 of 2nd period - Stopped by Marc-André Fleury with a rebound.
9:27 of 2nd period - Ryan O'Reilly is hit by Brayden Schenn and loses puck.
9:42 of 2nd period - Slapshot by Shayne Gostisbehere.
9:42 of 2nd period - Shot Blocked by Mika Zibanejad.
9:48 of 2nd period - Justin Falk is hit by Kevin Shattenkirk and loses puck.
10:26 of 2nd period - Slapshot by John Klingberg.
10:26 of 2nd period - Shot Blocked by Kurt Sauer.
10:28 of 2nd period - Slapshot by Hampus Lindholm.
10:28 of 2nd period - Shot Blocked by Kurt Sauer.
11:06 of 2nd period - Eric Nystrom is hit by Alex Pietrangelo and loses puck.
11:13 of 2nd period - Vincent Lecavalier is hit by Eric Nystrom and loses puck.
11:35 of 2nd period - Minor Penalty to Braydon Coburn for Holding.
11:36 of 2nd period - Nicklas Backstrom wins face-off versus Patrick Kane in Maple Leafs zone.
11:53 of 2nd period - Slapshot by David Perron.
11:53 of 2nd period - Stopped by Marc-André Fleury without a rebound.
11:54 of 2nd period - Filip Forsberg wins face-off versus Patrick Kane in Maple Leafs zone.
11:55 of 2nd period - Slapshot by Alex Pietrangelo.
11:55 of 2nd period - Shot Blocked by Hampus Lindholm.
11:57 of 2nd period - Snap shot by Nick Palmieri.
11:57 of 2nd period - Shot Blocked by Kevin Shattenkirk.
11:59 of 2nd period - Snap shot by Jake Gardiner.
11:59 of 2nd period - Stopped by Marc-André Fleury with a rebound.
12:01 of 2nd period - Snap shot by Filip Forsberg.
12:01 of 2nd period - Deflect By Taylor Hall.
12:01 of 2nd period - Shot Blocked by Patrick Kane.
12:01 of 2nd period - Puck is out of play.
12:02 of 2nd period - Patrick Kane wins face-off versus Ryan O'Reilly in Maple Leafs zone.
12:12 of 2nd period - Icing by Jake Gardiner.
12:13 of 2nd period - Ryan O'Reilly wins face-off versus Patrick Kane in Blues zone.
12:28 of 2nd period - Icing by Jake Gardiner.
12:29 of 2nd period - Ryan O'Reilly wins face-off versus Patrick Kane in Blues zone.
12:35 of 2nd period - Minor Penalty to Nick Palmieri for Hooking.
12:36 of 2nd period - Nicklas Backstrom wins face-off versus Patrick Kane in Blues zone.
12:51 of 2nd period - Off-side.
12:52 of 2nd period - Patrick Kane wins face-off versus David Perron in neutral zone.
13:31 of 2nd period - Hampus Lindholm is hit by Jordan Eberle and loses puck.
13:35 of 2nd period - Penalty to Braydon Coburn is over, Braydon Coburn is back on ice.
14:13 of 2nd period - Slapshot by Kevin Shattenkirk.
14:13 of 2nd period - Deflect By Jordan Staal.
14:13 of 2nd period - Goal by Jordan Staal - Blues : 2 - Maple Leafs : 3.
14:14 of 2nd period - Ryan O'Reilly wins face-off versus Mika Zibanejad in neutral zone.
14:29 of 2nd period - Slapshot by Mika Zibanejad.
14:29 of 2nd period - Shot Misses the Net.
14:46 of 2nd period - Backhand shot by Nicklas Backstrom.
14:46 of 2nd period - Stopped by Marc-André Fleury with a rebound.
14:48 of 2nd period - Snap shot by Shayne Gostisbehere.
14:48 of 2nd period - Shot Misses the Net.
15:12 of 2nd period - Snap shot by Patrick Kane.
15:12 of 2nd period - Stopped by Carey Price with a rebound.
15:14 of 2nd period - Wrist shot by Patrick Kane.
15:14 of 2nd period - Shot Blocked by Shayne Gostisbehere.
15:16 of 2nd period - Snap shot by Ryan Parent.
15:16 of 2nd period - Deflect By Justin Falk.
15:16 of 2nd period - Stopped by Carey Price without a rebound.
15:17 of 2nd period - Nicklas Backstrom wins face-off versus Brayden Schenn in Blues zone.
15:19 of 2nd period - Minor Penalty to David Perron for Hooking.
15:20 of 2nd period - Drew Shore wins face-off versus Jordan Staal in Blues zone.
15:50 of 2nd period - Snap shot by Kyle Clifford.
15:50 of 2nd period - Stopped by Carey Price with a rebound.
15:52 of 2nd period - Snap shot by Ben Smith.
15:52 of 2nd period - Stopped by Carey Price without a rebound.
15:53 of 2nd period - Jordan Staal wins face-off versus Drew Shore in Blues zone.
16:25 of 2nd period - Slapshot by Kevin Shattenkirk.
16:25 of 2nd period - Deflect By Jake Gardiner.
16:25 of 2nd period - Stopped by Carey Price with a rebound.
17:11 of 2nd period - John Klingberg is hit by Alex Pietrangelo.
17:19 of 2nd period - Penalty to David Perron is over, David Perron is back on ice.
18:48 of 2nd period - Kevin Shattenkirk is hit by Filip Forsberg and loses puck.
18:55 of 2nd period - Slapshot by Filip Forsberg.
18:55 of 2nd period - Shot Blocked by Brayden Schenn.
Goals for this period are 0 for Blues vs 1 for Maple Leafs.
Shots for this period are 6 for Blues vs 11 for Maple Leafs.

3rd period


0:01 of 3rd period - Nicklas Backstrom wins face-off versus Jordan Staal in neutral zone.
0:06 of 3rd period - Wrist shot by David Perron.
0:06 of 3rd period - Deflect By Jordan Eberle.
0:06 of 3rd period - Stopped by Marc-André Fleury without a rebound.
0:07 of 3rd period - Jordan Staal wins face-off versus Nicklas Backstrom in Maple Leafs zone.
0:32 of 3rd period - Slapshot by Patrick Kane.
0:32 of 3rd period - Stopped by Carey Price without a rebound.
0:33 of 3rd period - Brayden Schenn wins face-off versus Ryan O'Reilly in Blues zone.
0:36 of 3rd period - Wrist shot by Ben Smith.
0:36 of 3rd period - Stopped by Carey Price without a rebound.
0:37 of 3rd period - Brayden Schenn wins face-off versus Filip Forsberg in Blues zone.
1:03 of 3rd period - Off-side.
1:04 of 3rd period - Nicklas Backstrom wins face-off versus Jordan Staal in neutral zone.
1:36 of 3rd period - Snap shot by Kyle Clifford.
1:36 of 3rd period - Goal by Kyle Clifford - Blues : 2 - Maple Leafs : 4.
1:37 of 3rd period - Jordan Staal wins face-off versus Nicklas Backstrom in neutral zone.
2:00 of 3rd period - Minor Penalty to Cody Ceci for Hooking.
2:01 of 3rd period - Jordan Staal wins face-off versus Drew Shore in Blues zone.
2:14 of 3rd period - Snap shot by Jordan Eberle.
2:14 of 3rd period - Stopped by Marc-André Fleury without a rebound.
2:15 of 3rd period - Drew Shore wins face-off versus Jordan Staal in Maple Leafs zone.
2:24 of 3rd period - Jordan Eberle is hit by Taylor Hall and loses puck.
2:41 of 3rd period - Alex Pietrangelo is hit by Kyle Clifford and loses puck.
2:58 of 3rd period - Simon Gagné is hit by Ben Smith and loses puck.
3:31 of 3rd period - Braydon Coburn is hit by Fabian Brunnstrom and loses puck.
4:00 of 3rd period - Penalty to Cody Ceci is over, Cody Ceci is back on ice.
4:45 of 3rd period - Snap shot by David Perron.
4:45 of 3rd period - Deflect By Nicklas Backstrom.
4:45 of 3rd period - Stopped by Marc-André Fleury without a rebound.
4:46 of 3rd period - Brayden Schenn wins face-off versus Nicklas Backstrom in Maple Leafs zone.
5:11 of 3rd period - Shayne Gostisbehere is hit by Mika Zibanejad and loses puck.
5:22 of 3rd period - Backhand shot by Blake Comeau.
5:22 of 3rd period - Shot Misses the Net.
5:24 of 3rd period - Slapshot by Kevin Shattenkirk.
5:24 of 3rd period - Stopped by Carey Price without a rebound.
5:25 of 3rd period - Sergei Shirokov wins face-off versus Jordan Staal in Blues zone.
6:23 of 3rd period - Snap shot by Filip Forsberg.
6:23 of 3rd period - Shot Blocked by John Klingberg.
6:35 of 3rd period - Simon Gagné is hit by Patrick Kane.
6:59 of 3rd period - Slapshot by Shayne Gostisbehere.
6:59 of 3rd period - Stopped by Marc-André Fleury without a rebound.
7:00 of 3rd period - Nicklas Backstrom wins face-off versus Brayden Schenn in Maple Leafs zone.
7:01 of 3rd period - Slapshot by Jordan Eberle.
7:01 of 3rd period - Shot Blocked by Kevin Shattenkirk.
7:03 of 3rd period - Wrist shot by Nicklas Backstrom.
7:03 of 3rd period - Stopped by Marc-André Fleury with a rebound.
7:05 of 3rd period - Wrist shot by Jordan Eberle.
7:05 of 3rd period - Shot Blocked by Braydon Coburn.
7:07 of 3rd period - Snap shot by Jordan Eberle.
7:07 of 3rd period - Stopped by Marc-André Fleury with a rebound.
7:09 of 3rd period - Wrist shot by Nicklas Backstrom.
7:09 of 3rd period - Goal by Nicklas Backstrom - Blues : 3 - Maple Leafs : 4.
7:10 of 3rd period - Jordan Staal wins face-off versus Nicklas Backstrom in neutral zone.
7:25 of 3rd period - Snap shot by David Perron.
7:25 of 3rd period - Shot Misses the Net.
7:27 of 3rd period - Slapshot by Cody Ceci.
7:27 of 3rd period - Shot Misses the Net.
7:46 of 3rd period - Slapshot by Jake Gardiner.
7:46 of 3rd period - Shot Blocked by Kevin Shattenkirk.
7:48 of 3rd period - Wrist shot by Ryan O'Reilly.
7:48 of 3rd period - Stopped by Marc-André Fleury with a rebound.
8:22 of 3rd period - Snap shot by Nate Thompson.
8:22 of 3rd period - Shot Blocked by Justin Falk.
8:42 of 3rd period - Wrist shot by Kyle Clifford.
8:42 of 3rd period - Deflect By Brayden Schenn.
8:42 of 3rd period - Shot Misses the Net.
8:42 of 3rd period - Puck is out of play.
8:43 of 3rd period - Nicklas Backstrom wins face-off versus Brayden Schenn in Blues zone.
9:32 of 3rd period - Slapshot by Nate Thompson.
9:32 of 3rd period - Shot Misses the Net.
9:34 of 3rd period - Snap shot by Hampus Lindholm.
9:34 of 3rd period - Shot Blocked by Sergei Shirokov.
10:01 of 3rd period - Drew Shore is hit by Ben Smith and loses puck.
10:18 of 3rd period - Slapshot by Kyle Clifford.
10:18 of 3rd period - Shot Misses the Net.
11:01 of 3rd period - Snap shot by Nick Palmieri.
11:01 of 3rd period - Shot Hit the Post.
11:07 of 3rd period - Wrist shot by Ryan Parent.
11:07 of 3rd period - Stopped by Carey Price with a rebound.
11:09 of 3rd period - Wrist shot by Nate Thompson.
11:09 of 3rd period - Shot Blocked by Shayne Gostisbehere.
11:21 of 3rd period - Snap shot by Brayden Schenn.
11:21 of 3rd period - Goal by Brayden Schenn - Blues : 3 - Maple Leafs : 5.
11:22 of 3rd period - Jordan Staal wins face-off versus David Perron in neutral zone.
11:51 of 3rd period - Alex Pietrangelo is hit by Kyle Clifford and loses puck.
11:54 of 3rd period - Slapshot by Cody Ceci.
11:54 of 3rd period - Deflect By Kyle Clifford.
11:54 of 3rd period - Stopped by Marc-André Fleury with a rebound.
11:56 of 3rd period - Slapshot by Filip Forsberg.
11:56 of 3rd period - Stopped by Marc-André Fleury with a rebound.
11:58 of 3rd period - Snap shot by Ryan O'Reilly.
11:58 of 3rd period - Stopped by Marc-André Fleury without a rebound.
11:59 of 3rd period - Jordan Staal wins face-off versus Filip Forsberg in Maple Leafs zone.
12:26 of 3rd period - Hampus Lindholm is hit by Vincent Lecavalier and loses puck.
12:54 of 3rd period - Kevin Shattenkirk is hit by Alex Pietrangelo and loses puck.
13:15 of 3rd period - Snap shot by Shayne Gostisbehere.
13:15 of 3rd period - Stopped by Marc-André Fleury with a rebound.
13:17 of 3rd period - Slapshot by Justin Falk.
13:17 of 3rd period - Shot Misses the Net.
13:19 of 3rd period - Wrist shot by Ryan O'Reilly.
13:19 of 3rd period - Stopped by Marc-André Fleury without a rebound.
13:20 of 3rd period - Jordan Eberle wins face-off versus Patrick Kane in Maple Leafs zone.
13:27 of 3rd period - Snap shot by Nicklas Backstrom.
13:27 of 3rd period - Stopped by Marc-André Fleury without a rebound.
13:28 of 3rd period - Nicklas Backstrom wins face-off versus Jordan Staal in Maple Leafs zone.
13:39 of 3rd period - Snap shot by Patrick Kane.
13:39 of 3rd period - Shot Misses the Net.
13:41 of 3rd period - Slapshot by Kevin Shattenkirk.
13:41 of 3rd period - Shot Blocked by David Perron.
13:43 of 3rd period - Slapshot by Braydon Coburn.
13:43 of 3rd period - Stopped by Carey Price with a rebound.
13:45 of 3rd period - Backhand shot by Braydon Coburn.
13:45 of 3rd period - Shot Misses the Net.
14:03 of 3rd period - Snap shot by Patrick Kane.
14:03 of 3rd period - Stopped by Carey Price without a rebound.
14:04 of 3rd period - Nick Palmieri wins face-off versus Mika Zibanejad in Blues zone.
14:24 of 3rd period - Minor Penalty to Nick Palmieri for Holding.
14:25 of 3rd period - Drew Shore wins face-off versus Jordan Staal in Blues zone.
14:25 of 3rd period - Drew Shore is hit by Braydon Coburn.
16:24 of 3rd period - Penalty to Nick Palmieri is over, Nick Palmieri is back on ice.
16:56 of 3rd period - Snap shot by Nate Thompson.
16:56 of 3rd period - Stopped by Carey Price with a rebound.
16:58 of 3rd period - Snap shot by Nate Thompson.
16:58 of 3rd period - Shot Misses the Net.
17:18 of 3rd period - Slapshot by Sergei Shirokov.
17:18 of 3rd period - Shot Misses the Net.
17:20 of 3rd period - Wrist shot by Fabian Brunnstrom.
17:20 of 3rd period - Stopped by Marc-André Fleury with a rebound.
17:22 of 3rd period - Wrist shot by Fabian Brunnstrom.
17:22 of 3rd period - Deflect By Sergei Shirokov.
17:22 of 3rd period - Shot Blocked by Brayden Schenn.
17:22 of 3rd period - Puck is out of play.
17:23 of 3rd period - Vincent Lecavalier wins face-off versus Mika Zibanejad in Maple Leafs zone.
17:30 of 3rd period - Wrist shot by Vincent Lecavalier.
17:30 of 3rd period - Shot Blocked by Kevin Shattenkirk.
17:32 of 3rd period - Slapshot by Sergei Shirokov.
17:32 of 3rd period - Deflect By Vincent Lecavalier.
17:32 of 3rd period - Stopped by Marc-André Fleury without a rebound.
17:33 of 3rd period - Vincent Lecavalier wins face-off versus Mika Zibanejad in Maple Leafs zone.
17:34 of 3rd period - Snap shot by Sergei Shirokov.
17:34 of 3rd period - Goal by Sergei Shirokov - Blues : 4 - Maple Leafs : 5.
17:35 of 3rd period - Vincent Lecavalier wins face-off versus Mika Zibanejad in neutral zone.
17:43 of 3rd period - Minor Penalty to Eric Nystrom for Holding.
17:44 of 3rd period - Patrick Kane wins face-off versus David Perron in Maple Leafs zone.
18:22 of 3rd period - Slapshot by Jake Gardiner.
18:22 of 3rd period - Stopped by Marc-André Fleury with a rebound.
19:42 of 3rd period - Shayne Gostisbehere is hit by Brayden Schenn and loses puck.
19:43 of 3rd period - Penalty to Eric Nystrom is over, Eric Nystrom is back on ice.
Goals for this period are 2 for Blues vs 2 for Maple Leafs.
Shots for this period are 18 for Blues vs 9 for Maple Leafs.